 Dungeon Crawl Stone Soup version 0.31-a0-507-gbafd7f5274 (webtiles) character file.

Game seed: 11672550622854993553

16 CraigForest the Sneak (level 2, -3/27 HPs)
             Began as a Minotaur Delver on Aug 9, 2023.
             Was an Initiate of Qazlal.
             Slain by a sky beast (6 damage)
             ... in the Ecumenical Temple.
             The game lasted 00:04:57 (412 turns).

CraigForest the Sneak (Minotaur Delver)              Turns: 412, Time: 00:04:57

Health: -3/27      AC:  5    Str: 16    XL:     2   Next: 41%
Magic:  1/1        EV: 11    Int:  7    God:    Qazlal [......]
Gold:   70         SH:  0    Dex: 11    Spells: 1/1 levels left

rFire   . . .        a - +0 falchion
rCold   . . .        (no shield)
rNeg    . . .        k - +0 ring mail
rPois   .            (helmet restricted)
rElec   .            (no cloak)
rCorr   .            (no gloves)
SInv    .            (no boots)
Will    .....        (no amulet)
Stlth   ++           i - ring of flight
HPRegen 0.24/turn    (no ring)
MPRegen 0.07/turn

%: no passive effects
@: flying
A: horns 2, retaliatory headbutt
a: Renounce Religion


You were in the Ecumenical Temple.
You worshipped Qazlal.
Qazlal was noncommittal.
You visited 2 branches of the dungeon, and saw 3 of its levels.

You collected 70 gold pieces.

Inventory:

Hand Weapons
 a - a +0 falchion (weapon)
Armour
 b - a +0 leather armour
 k - a +0 ring mail (worn)
Jewellery
 i - a ring of flight (left hand)
Wands
 g - a wand of digging (3)
Scrolls
 c - a scroll of fog
 d - a scroll of revelation
 e - a scroll of fear
 h - a scroll of teleportation {unknown}
 j - a scroll of identify {unknown}
Potions
 f - a potion of haste


   Skills:
 + Level 3.9 Fighting
 + Level 2.5 Long Blades
 + Level 2.2 Dodging
 + Level 4.5 Stealth


You had one spell level left.
You didn't know any spells.
Your spell library was empty.

Dungeon Overview and Level Annotations

Branches:
Dungeon (5/15)             Temple (1/1) D:4

Altars:
Cheibriados
Dithmenos
Fedhas
Gozag
Hepliaklqana
Kikubaaqudgha
Makhleb
Nemelex Xobeh
Okawaru
Qazlal
Ru
Sif Muna
Trog
Uskayaw
Wu Jian
Xom
Yredelemnul
Zin
The Shining One


Innate Abilities, Weirdness & Mutations

You have a pair of horns on your head.
You reflexively headbutt those who attack you in melee.


Message History

The gnoll hits you but does no damage.
You fly downwards.
Welcome back to the Ecumenical Temple!
There is a staircase back to the Dungeon here.
You start resting.
HP restored.
You fly upwards.
The sky beast hits you but does no damage.
The gnoll hits you from afar with a +0 spear.
There is a staircase to the Ecumenical Temple, spattered with blood here.
The sky beast hits you but does no damage.
The gnoll closely misses you.
You fly downwards.
Welcome back to the Ecumenical Temple!
There is a staircase back to the Dungeon here.
You hit the sky beast. You headbutt the sky beast.
The sky beast is moderately wounded.
The sky beast barely misses you.
You closely miss the sky beast.
The sky beast is moderately wounded.
The sky beast closely misses you. You furiously retaliate!
You headbutt the sky beast. You hit the sky beast.
The sky beast is heavily wounded.
The sky beast hits you. The sky beast shocks you.
You closely miss the sky beast.
The sky beast is heavily wounded.
The sky beast flickers out of sight!
Deactivating autopickup; reactivate with Ctrl-A.
Something hits you. Something shocks you.
A sky beast appears from thin air!
Reactivating autopickup.
The sky beast barely misses you.
You hit the sky beast but do no damage. Your headbutt misses the sky beast.
The sky beast is heavily wounded.
The sky beast flickers out of sight!
Deactivating autopickup; reactivate with Ctrl-A.
Something hits you. Something shocks you.
* * * LOW HITPOINT WARNING * * *
You hit something. Your headbutt misses something. Something hits you.
* * * LOW HITPOINT WARNING * * *
Something shocks you.
You die...

..§.........8.......8............
.................................
...._......................._....
.................................
................_................
.................................
.........._..........._..........
...............{.................
.._.............@............._..
.................)...............
≈§.........._......._...........≈
§≈.............................≈≈
§≈≈...._................._....≈≈≈
≈≈§≈.........................≈≈≈≈
≈§§§≈..........._...........≈≈≈≈≈
≈≈§§≈≈.....................≈≈≈≈≈≈
§≈§§≈≈≈..._..........._...≈≈≈≈≈≈≈


There were no monsters in sight!

Vanquished Creatures
  A gnoll (Temple)
  A white imp (D:5)
2 creatures vanquished.

Notes
Turn   | Place    | Note
-------+----------+-------------------------------------------
     0 | D:5      | CraigForest the Minotaur Delver began the quest for the
                  | Orb.
     0 | D:5      | Reached XP level 1. HP: 19/19 MP: 0/0
   199 | D:4      | Found a staircase to the Ecumenical Temple.
   203 | Temple   | Entered the Ecumenical Temple
   265 | Temple   | Became a worshipper of Qazlal Stormbringer
   273 | D:4      | Noticed a sky beast
   279 | Temple   | Reached XP level 2. HP: 13/27 MP: 1/1
   412 | Temple   | Slain by a sky beast

Illustrated notes

Levels and vault maps discovered:
D:4:      layout_basic, minmay_temple_entry_mini_moons, mrwooster_statue_mirror,
          uniq_ijyb
D:5:      layout_basic, mainiacjoe_overflow_alcove_1, minmay_strange_pillars,
          dreamdust_gnoll_farm
Temple:   compressed_dpeg_triangle_lava_temple

Action                     || total
---------------------------++-------
  Melee: Falchion          ||    14
         Headbutt          ||     4
 Armour: Leather armour    ||     1
         Ring mail         ||     3
  Dodge: Dodged            ||    10

Table legend: (Time is in decaauts)
 A = Elapsed time spent in this place.
 B = Non-inter-level travel time spent in this place.
 C = Inter-level travel time spent in this place.
 D = Time resting spent in this place.
 E = Time spent auto-exploring this place.
 F = Levels seen in this place.
 G = Mean time per level.
                   A        B        C        D        E       F      G
               +--------+--------+--------+--------+--------+-----+--------+
         Total |    416 |    255 |    161 |    120 |     31 |   3 |  138.7 |
       Dungeon |    210 |     78 |    132 |      0 |     31 |   2 |  105.0 |
        Temple |    205 |    176 |     29 |    120 |      0 |   1 |  205.0 |
               +--------+--------+--------+--------+--------+-----+--------+

Top non-repeatable levels by time:
  Temple: 205 daAuts
     D:5: 199 daAuts
     D:4: 11 daAuts
